 Dungeon Crawl Stone Soup version 0.25-a0-413-g3b4b6a4ccc (webtiles) character file.

Game seed: 10235450086442481346, levelgen mode: deterministic

88 Alfie the Shooter (level 4, -4/33 HPs)
             Began as a Human Hunter on Jan 14, 2020.
             Slain by Crazy Yiuf
             ... wielding a +3 quarterstaff of chaos
              (14 damage)
             ... on level 2 of the Dungeon.
             The game lasted 00:06:25 (1855 turns).

Alfie the Shooter (Human Hunter)                    Turns: 1855, Time: 00:06:26

Health: -4/33      AC:  3    Str: 14    XL:     4   Next: 82%
Magic:  4/4        EV: 12    Int: 11    God:
Gold:   127        SH:  0    Dex: 13    Spells: 3/3 levels left

rFire    . . .     SeeInvis .   a - +1 shortbow
rCold    . . .     Gourm    .   (shield currently unavailable)
rNeg     . . .     Faith    .   c - +0 leather armour
rPois    .         Spirit   .   (no helmet)
rElec    .         Reflect  .   (no cloak)
rCorr    .         Harm     .   (no gloves)
MR       .....                  (no boots)
Stlth    +.........             (no amulet)
HPRegen  0.11/turn              (no ring)
MPRegen  0.09/turn              (no ring)

@: lethally poisoned (-4 -> -10)
A: no striking features
a: no special abilities


You were on level 2 of the Dungeon.
You were not hungry.

You visited 1 branch of the dungeon, and saw 2 of its levels.

You collected 127 gold pieces.

Inventory:

Hand Weapons
 a - a +1 shortbow (weapon)
 b - a +0 short sword
Missiles
 d - 23 arrows (quivered)
Armour
 c - a +0 leather armour (worn)
Jewellery
 h - an uncursed ring of ice
 k - an uncursed amulet of rage {unknown}
 l - a +3 ring of protection {unknown}
 n - an uncursed ring of resist corrosion {unknown}
 o - a cursed ring of teleportation {unknown}
Scrolls
 i - 3 scrolls of identify
 j - 3 scrolls of remove curse
 p - a scroll of amnesia {unknown}
Potions
 e - 3 potions of curing {unknown}
 g - a potion of agility {unknown}
 m - a potion of heal wounds {unknown}
Comestibles
 f - 6 rations


   Skills:
 + Level 2.2 Fighting
 + Level 5.4 Bows
 + Level 0.6 Armour
 + Level 2.3 Dodging
 + Level 1.0 Stealth


You had 3 spell levels left.
You didn't know any spells.
Your spell library was empty.

Dungeon Overview and Level Annotations

Branches:
Dungeon (2/15)

Altars:
Elyvilon
Yredelemnul
The Shining One

Annotations:
D:2 Crazy Yiuf


Message History

Crazy Yiuf is almost dead.
Crazy Yiuf hits you but does no damage.
You are poisoned.
Firing (i - inventory)
d - 26 arrows (quivered)
Press: ? - help, Shift-Dir - straight line, f/p - Crazy Yiuf
Aim: Crazy Yiuf, wielding a +3 quarterstaff of chaos and wearing a +0 cloak (almost dead)
You shoot an arrow. The arrow hits Crazy Yiuf.
Crazy Yiuf is almost dead.
You feel sick. Crazy Yiuf barely misses you.
Firing (i - inventory)
d - 25 arrows (quivered)
Press: ? - help, Shift-Dir - straight line, f/p - Crazy Yiuf
Aim: Crazy Yiuf, wielding a +3 quarterstaff of chaos and wearing a +0 cloak (almost dead)
You shoot an arrow. The arrow barely misses Crazy Yiuf.
You feel sick.
Crazy Yiuf hits you with a +3 quarterstaff of chaos!
Firing (i - inventory)
d - 24 arrows (quivered)
Press: ? - help, Shift-Dir - straight line, f/p - Crazy Yiuf
Aim: Crazy Yiuf, wielding a +3 quarterstaff of chaos and wearing a +0 cloak (almost dead)
You shoot an arrow. The arrow barely misses Crazy Yiuf.
You feel sick.
Crazy Yiuf hits you with a +3 quarterstaff of chaos!
You die...

#### #####
#### #..#
#)(.# #..#
#.## #...#
##.# #.# ...
#.# #.# #g#
#.# #.# ♣@♣♣
#.#
#########.##
♣♣.♣ #.#
...........#
♣.♣♣ #.#
#########.##
♣♣.♣ #.#
.........##
♣♣.♣♣ #.#
.#######.#
♣♣.P.♣ #.#
..# #.#
♣P..P♣ ##.#
#.## #.#
#+..'# #..#
#..### #.#
#....# #.##


You could see Crazy Yiuf.

Vanquished Creatures
  Jessica (D:2)
  3 adders (D:2)
  A worm (D:2)
  2 leopard geckos
  7 hobgoblins
  4 kobolds (D:2)
  A quokka (D:2)
  A ball python (D:2)
  4 bats
  6 frilled lizards (D:2)
  3 rats (D:1)
33 creatures vanquished.

Notes
Turn   | Place    | Note
-------+----------+-------------------------------------------
     0 | D:1      | Alfie the Human Hunter began the quest for the Orb.
     0 | D:1      | Reached XP level 1. HP: 16/16 MP: 1/1
   212 | D:1      | Reached XP level 2. HP: 22/22 MP: 2/2
   881 | D:2      | Noticed Jessica
   891 | D:2      | Killed Jessica
   891 | D:2      | Reached XP level 3. HP: 22/27 MP: 3/3
   912 | D:2      | Reached skill level 5 in Bows
   912 | D:2      | Reached XP level 4. HP: 30/33 MP: 4/4
  1092 | D:2      | Found a glowing golden altar of the Shining One.
  1313 | D:2      | Found a faded altar of an unknown god.
  1477 | D:2      | Found a runed translucent door.
  1478 | D:2      | Noticed Crazy Yiuf
  1628 | D:2      | Found a white marble altar of Elyvilon.
  1679 | D:2      | Found a basalt altar of Yredelemnul.
  1855 | D:2      | Slain by Crazy Yiuf

Levels and vault maps discovered:
D:1:      evilmike_arrival_rings, layout_basic
D:2:      layout_loops_ring, kennysheep_ying_yang,
          chequers_ecumenical_altar_grove, tso_metal_star,
          uniq_crazy_yiuf_cottage, uniq_jessica

Skill      XL: |  1  2  3 |
---------------+----------+-----
Bows           | 5 |  5.4
Fighting       | |  2.2
Armour         | |  0.6
Dodging        | |  2.3
Stealth        | |  1.0

Action                   |  1- 3 |  4- 6 || total
-------------------------+-------+-------++-------
 Fire: Shortbow          |    31 |    76 ||   107
  Use: Scroll            |     2 |       ||     2
  Eat: Ration            |       |     1 ||     1
Armor: Leather armour    |     2 |     2 ||     4
Dodge: Dodged            |     8 |    15 ||    23

Table legend:
 A = Non-vault XP
 B = Vault XP
 C = Vault XP percentage of total XP
 D = Non-vault monster count
 E = Vault monster count
 F = Vault count percentage of total count
                 A         B        C        D         E       F
            +---------+---------+-------+---------+---------+-------
      Total |      90 |      37 |  29.1 |      32 |       1 |   3.0
            +---------+---------+-------+---------+---------+-------
        D:1 |      12 |       0 |   0.0 |       8 |       0 |   0.0
        D:2 |      78 |      37 |  32.2 |      24 |       1 |   4.0
            +---------+---------+-------+---------+---------+-------
